[Event "Team 45 45 League T43"]
[Site "Internet Chess Club"]
[Date "2009.12.04"]
[Round "6"]
[White "AlPearson"]
[Black "sdcohle"]
[Result "1-0"]
[WhiteElo "1422"]
[BlackElo "1384"]
[Opening "English opening"]
[ECO "A20"]
[Time "22:03:39"]
[TimeControl "2700+45"]

1. c4 e5 2. g3 Nf6 3. Bg2 g6 4. e4 Bg7 5. Ne2 Nc6 6. O-O O-O 7. Nbc3 d6 8. d3
Bd7 9. b3 Qc8 10. Bb2 Bh3 11. Nd5 Bxg2 12. Kxg2 Nxd5 13. cxd5 Ne7 14. Rc1 c6 15.
dxc6 bxc6 16. Qd2 f5 17. f4 Bh6 18. Qc3 Bg7 19. Ng1 Rf7 20. Qc4 Qd8 21. Nf3 d5
22. Qa4 exf4 23. Bxg7 Kxg7 24. Qd4+ Kg8 25. Ne5 Rf6 26. gxf4 Rd6 27. exf5 Nxf5
28. Qf2 Qc7 29. Rh1 d4 30. Nc4 Re6 31. Rhe1 Rae8 32. Ne5 a5 33. Rc5 Qb6 34. Rec1
Rc8 35. Nf3 Rd6 36. Ne5 Rf6 37. Nd7 Ne3+ 38. Kg3 Nf5+ 39. Kg4 Nh6+ 40. Kg5 Qc7
41. Nxf6+ Kg7 42. Qxd4 Nf7+ 43. Kh4 Qe7 44. Rxc6 Rxc6 45. Rxc6 Qe1+ 46. Kg4 Nh6+
47. Kf3 Qh1+ 48. Ke2 Qg2+ 49. Ke1 Qh1+ 50. Kd2 Qg2+ 51. Kc1 Qxc6+ 52. Kb2 Qxf6
53. Qxf6+ Kxf6 54. Kc3 Ke6 55. Kd4 Nf5+ 56. Kc5 Nd6 57. Kc6 h6 58. d4 g5 59. d5+
Ke7 60. fxg5 hxg5 61. a3 Ne4 62. b4 axb4 63. axb4 g4 64. b5 Nd6 65. b6 Nc8 66.
b7 Na7+ 67. Kb6 Nb5 68. b8=Q Nd6 69. Kc6 Nf7 70. Qg3 Kf6 71. d6 Ne5+ 72. Kc7 Ke6
73. d7 Nxd7 74. Qxg4+ Ke7 75. Qxd7+ Kf6 76. h4 Kg6 77. h5+ Kh6 78. Qd6+ Kg7 79.
h6+ Kh7 80. Qe7+ Kg6 81. h7 Kf5 82. Qd6 Kg5 83. Qe6 Kf4 84. Qd5 Kg3 85. Qe4 Kf2
86. Qd3 Kg2 87. Qe3 Kf1 88. Qd2 Kg1 89. Kd6 Kf1 90. Ke5 Kg1 91. Kf4 Kf1 92. Kf3
Kg1 93. Qg2# {Black checkmated} 1-0

[Event "Team 45 45 League T43"]
[Site "Internet Chess Club"]
[Date "2009.12.06"]
[Round "6"]
[White "TroyO"]
[Black "AtomicDog"]
[Result "1/2-1/2"]
[WhiteElo "1346"]
[BlackElo "1304"]
[Opening "Sicilian: closed"]
[ECO "B23"]
[Time "10:00:16"]
[TimeControl "2700+45"]

1. e4 c5 2. Nc3 e6 3. Bc4 Nc6 4. f4 Nge7 5. Nf3 d5 6. exd5 exd5 7. Bb5 Nf5 8.
Bxc6+ bxc6 9. d4 cxd4 10. Nxd4 Qf6 11. Nxf5 Bxf5 12. O-O Be7 13. Be3 O-O 14. Rc1
Rfd8 15. Ne2 Qg6 16. Ng3 c5 17. Nxf5 Qxf5 18. c3 Rd7 19. Rc2 d4 20. cxd4 cxd4
21. Bxd4 Rad8 22. Rd2 Bc5 23. g4 Bxd4+ 24. Kh1 Qe4+ 25. Qf3 Qxf3+ 26. Rxf3 Bb6
27. Re2 Kf8 28. Rc3 Rd2 29. Rc2 Rxc2 30. Rxc2 Rd1+ 31. Kg2 Rg1+ 32. Kh3 Rf1 33.
f5 g5 34. fxg6 hxg6 35. b3 Rf2 36. Rxf2 Bxf2 37. Kg2 Bb6 38. Kf3 Ke7 39. Ke4 Kd6
40. b4 Ke6 41. h4 f5+ 42. gxf5+ gxf5+ 43. Kf3 Bd8 44. h5 Bf6 45. a4 Be5 46. b5
Kd6 47. a5 Kc7 48. h6 Kb7 49. h7 Kc7 50. h8=Q Bxh8 51. Kf4 Bc3 52. b6+ axb6 53.
axb6+ Kxb6 54. Kxf5 {Game drawn because neither player has mating material}
1/2-1/2

[Event "Team 45 45 League T43"]
[Site "Internet Chess Club"]
[Date "2009.12.06"]
[Round "6"]
[White "vishnugupta"]
[Black "wrimle"]
[Result "0-1"]
[WhiteElo "1232"]
[BlackElo "1519"]
[Opening "Alekhine's defense: Scandinavian variation"]
[ECO "B02"]
[Time "17:13:27"]
[TimeControl "2700+45"]

1. e4 Nf6 2. Nc3 d5 3. Bb5+ c6 4. Ba4 d4 5. Nd5 Nxd5 6. exd5 Qxd5 7. Qf3 Be6 8.
Bb3 Qe5+ 9. Ne2 g6 10. Bxe6 Qxe6 11. O-O Bg7 12. Re1 Qc4 13. c3 dxc3 14. bxc3
O-O 15. Ba3 Re8 16. d3 Qd5 17. Qh3 e6 18. Nf4 Qd7 19. d4 e5 20. dxe5 Qxh3 21.
Nxh3 Rxe5 22. Bd6 Rxe1+ 23. Rxe1 Na6 24. c4 Rd8 25. Be7 Rd2 26. a3 Bc3 27. Rc1
Nc7 28. g3 Bd4 29. Bg5 Re2 30. Bh6 Ne6 31. Rb1 b6 32. Rb3 Nc5 33. Rb1 Ne4 34.
Rd1 c5 35. Rd3 Nxf2 36. Nxf2 Rxf2 37. Be3 Bxe3 38. Rxe3 Ra2 39. Kf1 h5 40. Kg1
Kg7 41. h3 Kf6 42. Rf3+ Ke5 43. Rxf7 Rxa3 44. Kg2 a5 45. Rd7 Rc3 46. Rd5+ Ke6
47. Rg5 Kf6 48. h4 Rxc4 49. Rd5 Ke6 50. Rg5 Rg4 51. Rxg4 hxg4 52. Kf2 a4 53. Ke3
Ke5 54. Kd3 b5 55. Kc3 a3 56. Kb3 b4 57. Ka2 Ke4 58. Kb3 Kf3 59. Kc4 a2 60. Kxc5
a1=Q 61. Kxb4 Qd4+ 62. Kb5 Qc3 63. Kb6 Qc4 64. Ka5 Qb3 65. Ka6 Qb4 66. Ka7 Qb5
67. Ka8 Ke4 68. Ka7 Kd5 69. Ka8 Kc6 70. h5 Qb7# {White checkmated} 0-1

[Event "Team 45 45 League T43"]
[Site "Internet Chess Club"]
[Date "2009.12.06"]
[Round "6"]
[White "Visin"]
[Black "NewfieKnight"]
[Result "1-0"]
[WhiteElo "1241"]
[BlackElo "1257"]
[Opening "Four knights: Italian variation"]
[ECO "C55"]
[Time "14:00:12"]
[TimeControl "2700+45"]

1. e4 e5 2. Nf3 Nc6 3. Bc4 Nf6 4. Nc3 Bb4 5. d3 d5 6. exd5 Nxd5 7. Bd2 Nxc3 8.
Bxc3 Bxc3+ 9. bxc3 Bg4 10. h3 Bxf3 11. Qxf3 O-O 12. O-O a6 13. Rab1 Rb8 14. Rfe1
Qd7 15. Bd5 Kh8 16. Bxc6 bxc6 17. Rb3 f6 18. Reb1 Rxb3 19. Rxb3 c5 20. c4 Re8
21. Qb7 h6 22. Qxa6 e4 23. Qb5 exd3 24. cxd3 Re1+ 25. Kh2 Qd6+ 26. g3 Kh7 27.
Rb1 c6 28. Qb2 Rxb1 29. Qxb1 Qe5 30. Qc2 Qf5 31. a4 g5 32. a5 g4 33. hxg4 Qxg4
34. a6 Qh5+ 35. Kg2 Qe8 36. Qb2 Kg6 37. a7 h5 38. Qb8 Qd7 39. a8=Q h4 40. gxh4
Qg4+ 41. Qg3 Kh5 42. Qxg4+ Kxg4 43. Qxc6 f5 44. Qxc5 {Black resigns} 1-0

[Event "Team 45 45 League T43"]
[Site "Internet Chess Club"]
[Date "2009.12.04"]
[Round "6"]
[White "damnwrite"]
[Black "Tamarin"]
[Result "1-0"]
[WhiteElo "1141"]
[BlackElo "1299"]
[Opening "Four knights game"]
[ECO "C47"]
[Time "20:00:19"]
[TimeControl "2700+45"]

1. e4 e5 2. Nf3 Nc6 3. Nc3 Nf6 4. d3 Bb4 5. Bd2 d6 6. Nd5 Bxd2+ 7. Qxd2 Be6 8.
Nxf6+ Qxf6 9. Be2 O-O 10. O-O h6 11. c3 Rad8 12. d4 Rfe8 13. d5 Bd7 14. dxc6
Bxc6 15. Qe3 b6 16. c4 Re6 17. b4 Qg6 18. Nd2 Rf6 19. b5 Bd7 20. a4 Rf4 21. g3
h5 22. Nf3 Rxe4 23. Qd2 h4 24. Bd3 hxg3 25. fxg3 Bh3 26. Bxe4 Qxe4 27. Rf2 Qxc4
28. Ng5 Be6 29. Nxe6 Qxe6 30. Raf1 f6 31. a5 e4 32. Re2 d5 33. Qd4 f5 34. a6 g5
35. Qe3 Qg6 36. Rg2 d4 37. Qb3+ Kg7 38. h4 g4 39. Rc2 Rd7 40. Rc6 Qh7 41. Qe6
Rf7 42. Qe5+ Kg8 43. Qxd4 Rd7 44. Qe5 Qf7 45. Qxf5 Qxf5 46. Rxf5 e3 47. Re5 Rd1+
48. Kg2 Rd2+ 49. Kf1 Rd1+ 50. Ke2 Rd2+ 51. Kxe3 Rd7 52. Rg5+ Kf8 53. Rxg4 Re7+
54. Kf4 Rf7+ 55. Ke5 Re7+ 56. Kf5 Rf7+ 57. Rf6 c5 58. h5 c4 59. Rxc4 Rxf6+ 60.
Kxf6 Kg8 61. Rc7 Kh8 62. Rxa7 Kg8 63. Rb7 Kh8 64. a7 {Black resigns} 1-0

[Event "Team 45 45 League T43"]
[Site "Internet Chess Club"]
[Date "2009.12.05"]
[Round "6"]
[White "dabodhi"]
[Black "dxf"]
[Result "1-0"]
[WhiteElo "1215"]
[BlackElo "1232"]
[Opening "Old Indian defense"]
[ECO "A42"]
[Time "13:00:53"]
[TimeControl "2700+45"]

1. d4 d6 2. c4 b6 3. Nf3 h6 4. Nc3 Nf6 5. h3 e6 6. Bf4 Be7 7. Qa4+ Nbd7 8. e4
O-O 9. Bd3 c5 10. d5 e5 11. Bh2 Nh5 12. Ne2 Bg5 13. g4 Nf4 14. Nxf4 Bxf4 15.
Bxf4 exf4 16. O-O-O Ne5 17. Be2 Bd7 18. Qc2 Qe8 19. Nh4 Ba4 20. b3 Bd7 21. Bf3
g6 22. Qc3 Qd8 23. Ng2 b5 24. Nxf4 bxc4 25. bxc4 Rb8 26. Kd2 Rb4 27. Be2 Qg5 28.
Ke3 Rfb8 29. h4 Qf6 30. Nd3 Nxg4+ 31. Kd2 Rb2+ 32. Nxb2 Rxb2+ 33. Kd3 Nxf2+ 34.
Ke3 Qxc3+ 35. Kxf2 Qf3+ 36. Kxf3 Rxa2 37. Rb1 a5 38. Rb7 Be8 39. Rhb1 h5 40. Rb8
Kf8 41. R1b7 a4 42. Rd8 a3 43. Ra7 Ra1 44. Rda8 a2 45. Kf4 Re1 46. Bf3 a1=Q 47.
Rxa1 Rxa1 48. Rxa1 Kg7 49. Ra6 {Black resigns} 1-0

[Event "Team 45 45 League T43"]
[Site "Internet Chess Club"]
[Date "2009.12.05"]
[Round "6"]
[White "hcarstens"]
[Black "aapt"]
[Result "1-0"]
[WhiteElo "1221"]
[BlackElo "1165"]
[Opening "Sicilian defense"]
[ECO "B40"]
[Time "14:00:27"]
[TimeControl "2700+45"]

1. e4 c5 2. Nf3 e6 3. Bc4 a6 4. c3 Nc6 5. O-O Bd6 6. d4 cxd4 7. cxd4 e5 8. Ng5
Nh6 9. dxe5 Bxe5 10. Nf3 O-O 11. Bxh6 Kh8 12. Nxe5 Nxe5 13. Bxg7+ Kxg7 14. Bb3
d6 15. Nc3 Bg4 16. f3 Be6 17. Nd5 Kh8 18. Qd4 Rg8 19. f4 Bh3 20. Ne3 Rg7 21.
fxe5 Bxg2 22. Nxg2 Qg5 23. Rf2 dxe5 24. Qd2 Rd8 25. Qxg5 Rxg5 26. Rxf7 Rdg8 27.
Rf2 {Black resigns} 1-0

[Event "Team 45 45 League T43"]
[Site "Internet Chess Club"]
[Date "2009.12.05"]
[Round "6"]
[White "LeanSixSigma"]
[Black "CoasterBrake"]
[Result "1/2-1/2"]
[WhiteElo "1430"]
[BlackElo "1246"]
[Opening "Caro-Kann: classical variation"]
[ECO "B18"]
[Time "11:02:00"]
[TimeControl "2700+45"]

1. e4 c6 2. d4 d5 3. Nd2 dxe4 4. Nxe4 Bf5 5. Ng3 Bg6 6. Bc4 e6 7. N1e2 Be7 8.
Be3 Nf6 9. h3 Nbd7 10. c3 Nb6 11. Bb3 O-O 12. O-O Ne4 13. Nxe4 Bxe4 14. f3 Bg6
15. c4 Nd7 16. Nf4 Bg5 17. Qe2 Bxf4 18. Bxf4 Qh4 19. Qe3 Qd8 20. Bd6 Re8 21. c5
Nf6 22. Rfe1 b6 23. Bc4 bxc5 24. dxc5 Qd7 25. Rad1 Nd5 26. Bxd5 cxd5 27. Qc3 a5
28. a3 Qb5 29. b4 axb4 30. Qxb4 Qxb4 31. axb4 Ra4 32. Rd4 Rea8 33. c6 Ra1 34.
Kf2 Rxe1 35. Kxe1 f6 36. c7 Be8 37. Be7 Rc8 38. Bd8 Bd7 39. Rd2 Ra8 40. Kf2 Ra4
41. Rb2 Ra8 42. b5 Ra7 43. b6 Rb7 44. Ke3 e5 45. f4 exf4+ 46. Kxf4 Kf7 47. Ke3
Ke6 48. Kd4 Kd6 49. Rb4 Kc6 50. Be7 Rxb6 51. Rxb6+ Kxb6 52. Bf8 g6 53. Kxd5 Kxc7
54. Kd4 Bc6 55. g3 Kd7 56. Bh6 Ke6 57. h4 Kf5 58. Bf4 g5 59. hxg5 fxg5 60. Bb8
h5 61. Ke3 Kg4 62. Kf2 Kh3 63. Kg1 h4 64. gxh4 Kxh4 65. Kh2 Kg4 66. Bg3 Kf3 67.
Bb8 g4 68. Bg3 {Game drawn by mutual agreement} 1/2-1/2

[Event "Team 45 45 League T43"]
[Site "Internet Chess Club"]
[Date "2009.12.08"]
[Round "6"]
[White "otib2006"]
[Black "kabubi"]
[Result "1-0"]
[WhiteElo "1362"]
[BlackElo "1169"]
[Opening "Queen's Indian defense"]
[ECO "A47"]
[Time "10:00:25"]
[TimeControl "2700+45"]

1. d4 Nf6 2. Nf3 b6 3. e3 Bb7 4. Bd3 c5 5. O-O d5 6. c4 e6 7. Nbd2 Be7 8. b3 O-O
9. Bb2 Nc6 10. dxc5 Bxc5 11. Bxf6 Qxf6 12. cxd5 exd5 13. a3 Qc3 14. Bf5 Ne7 15.
Qc2 Qxc2 16. Bxc2 Rad8 17. Ng5 h6 18. Ngf3 b5 19. b4 Bb6 20. a4 a6 21. a5 Ba7
22. Nd4 Nc6 23. Nxc6 Bxc6 24. Rac1 Rc8 25. Bf5 Rc7 26. Nf3 g6 27. Bd3 Rfc8 28.
Rc2 Bb7 29. Rxc7 Rxc7 30. Nd4 Rc3 31. Be2 Bxd4 32. exd4 Rc2 33. Bf3 Rc4 34. h3
Rxd4 35. Rb1 Rc4 36. Kf1 Kg7 37. Ke2 Kf6 38. Kd3 Ke5 39. Re1+ Kd6 40. Rb1 f5 41.
Be2 Re4 42. Bf3 d4 43. Rc1 Re7 44. Bxb7 Rxb7 45. Kxd4 g5 46. Rc5 Rc7 47. Rd5+
Ke6 48. Re5+ Kf6 49. Kd5 Rd7+ 50. Kc6 Kxe5 51. Kxd7 Kd5 52. Kc7 Kc4 53. Kb6 Kxb4
54. Kxa6 Ka4 55. Kb6 b4 56. a6 b3 57. a7 b2 58. a8=Q+ Kb3 59. Qg8+ Kc2 60. Qc4+
Kb1 61. Qb3 Kc1 62. Qc3+ Kb1 63. Kc5 Ka2 64. Qa5+ Kb1 65. Kc4 Kc2 66. Qc3+ Kb1
67. Kb3 {Black resigns} 1-0

[Event "Team 45 45 League T43"]
[Site "Internet Chess Club"]
[Date "2009.12.04"]
[Round "6"]
[White "jjaillet2007"]
[Black "farbror"]
[Result "1-0"]
[WhiteElo "1276"]
[BlackElo "1245"]
[Opening "QGD: 4.Bg5 Nbd7"]
[ECO "D51"]
[Time "23:01:06"]
[TimeControl "2700+45"]

1. d4 e6 2. c4 d5 3. Nc3 Nf6 4. Bg5 Nbd7 5. cxd5 exd5 6. e3 Be7 7. Bd3 O-O 8.
Nf3 Ne4 9. Bxe7 Qxe7 10. Nxd5 Nxf2 11. Nxe7+ {Black resigns} 1-0

[Event "Team 45 45 League T43"]
[Site "Internet Chess Club"]
[Date "2009.12.03"]
[Round "6"]
[White "Cicero"]
[Black "PsyMar"]
[Result "0-1"]
[WhiteElo "1143"]
[BlackElo "1107"]
[Opening "Queen's pawn game"]
[ECO "D04"]
[Time "12:00:16"]
[TimeControl "2700+45"]

1. d4 d5 2. Nf3 Nf6 3. e3 Nc6 4. Bd3 g6 5. b3 Bg7 6. Bb2 O-O 7. O-O Re8 8. Nbd2
Qd6 9. Ne5 Nd7 10. Qf3 Ncxe5 11. dxe5 Nxe5 12. Bxe5 Qxe5 13. Qg3 Qxg3 14. hxg3
Bxa1 15. Rxa1 e5 16. e4 c6 17. Rd1 Bg4 18. f3 Bd7 19. c4 d4 20. f4 Kg7 21. Rf1
f5 22. fxe5 fxe4 23. Bxe4 Bg4 24. Rf4 h5 25. Bd3 Rxe5 26. Rxd4 Rae8 27. Rd7+
R8e7 28. Rd6 Bf5 29. Bf1 Rd7 30. Rxd7+ Bxd7 31. Nf3 Re3 32. Kf2 Rc3 33. Ng5 Rc2+
34. Ke3 Rxa2 35. Kd4 Bg4 36. Bd3 Rxg2 37. Ne4 Bf5 38. Bf1 Rg1 39. Be2 Re1 40.
Nc3 Rxe2 41. Nxe2 g5 42. Ke5 Bg4 43. Ng1 Bd1 44. b4 b6 45. Kd6 Ba4 46. Ne2 h4
47. g4 h3 48. Ng3 Kf6 49. Ne4+ Kg6 50. Ng3 h2 51. Ke5 c5 52. bxc5 bxc5 53. Ke4
Bc6+ 54. Ke3 h1=Q 55. Nxh1 Bxh1 56. Kd2 Kf6 57. Ke3 Ke5 58. Kd3 Kf4 59. Ke2 Kxg4
60. Kf2 a5 61. Ke2 a4 62. Kd2 Kf3 63. Kc2 g4 64. Kb2 g3 65. Ka3 g2 66. Kxa4 g1=Q
67. Kb5 Kf4 68. Kb6 Ke5 69. Kb5 Bd5 70. cxd5 Kxd5 71. Kb6 c4+ 72. Kb5 Qb1+ 73.
Ka4 Kc5 74. Ka3 Qb3# {White checkmated} 0-1

[Event "Team 45 45 League T43"]
[Site "Internet Chess Club"]
[Date "2009.12.05"]
[Round "6"]
[White "Toalla"]
[Black "RancidTurnip"]
[Result "0-1"]
[WhiteElo "1072"]
[BlackElo "1243"]
[Opening "Sicilian"]
[ECO "B50"]
[Time "13:00:46"]
[TimeControl "2700+45"]

1. e4 c5 2. Nf3 d6 3. c3 Nc6 4. d4 cxd4 5. Nxd4 a6 6. Nxc6 bxc6 7. Be3 e5 8. Be2
Nf6 9. Nd2 d5 10. Nf3 Bd6 11. Bg5 Bb7 12. Bxf6 Qxf6 13. Qd3 O-O 14. O-O a5 15.
Qc2 Rab8 16. Bd3 Bc5 17. a3 Qf4 18. Qd2 Qxd2 19. Nxd2 f5 20. exf5 e4 21. Bc2
Rxf5 22. Bxe4 dxe4 23. Nxe4 Ba6 24. Rfe1 Ba7 25. b4 a4 26. Rad1 Re5 27. Nf6+
gxf6 {White resigns} 0-1

[Event "Team 45 45 League T43"]
[Site "Internet Chess Club"]
[Date "2009.12.03"]
[Round "6"]
[White "jocooper"]
[Black "Newcastler"]
[Result "0-1"]
[WhiteElo "1133"]
[BlackElo "1318"]
[Opening "Queen's pawn game"]
[ECO "D05"]
[Time "21:00:15"]
[TimeControl "2700+45"]

1. d4 d5 2. Nf3 e6 3. e3 Nf6 4. Bd3 Be7 5. O-O b6 6. Bd2 O-O 7. Re1 Bb7 8. Bc1
c5 9. c3 cxd4 10. cxd4 Bb4 11. Bd2 Nc6 12. a3 Bd6 13. Bc3 Qc7 14. Nbd2 Ng4 15.
g3 Rac8 16. e4 dxe4 17. Nxe4 Be7 18. Neg5 Nf6 19. Rc1 g6 20. Bb4 Bxb4 21. axb4
Qd8 22. Ne4 Nxb4 23. Rxc8 Bxc8 24. Nxf6+ Qxf6 25. Ne5 a5 26. Bc4 Nd5 27. Qd2 Rd8
28. Ng4 Qg7 29. Qg5 f6 30. Nxf6+ Nxf6 31. d5 exd5 32. Bxd5+ Rxd5 33. Qxd5+ Nxd5
34. Re8+ Kf7 35. Rxc8 Qxb2 36. Rd8 Qe5 37. Rd7+ Ne7 38. Rb7 b5 39. f3 b4 40. Kg2
Qe2+ 41. Kh3 Qe6+ 42. g4 b3 43. Rb5 a4 44. Rb4 a3 45. Re4 Qxe4 46. fxe4 b2
{White resigns} 0-1

[Event "Team 45 45 League T43"]
[Site "Internet Chess Club"]
[Date "2009.12.06"]
[Round "6"]
[White "ffplayer"]
[Black "Traho"]
[Result "0-1"]
[WhiteElo "1056"]
[BlackElo "1282"]
[Opening "Nimzo-Indian defense"]
[ECO "E20"]
[Time "10:13:57"]
[TimeControl "2700+45"]

1. d4 Nf6 2. c4 e6 3. Nc3 Bb4 4. Bd2 c6 5. Rc1 d5 6. Bg5 h6 7. Bh4 Nbd7 8. Nf3
Be7 9. e3 g5 10. Bg3 Nh5 11. Bd3 Nxg3 12. fxg3 Bd6 13. O-O Nf6 14. cxd5 cxd5 15.
e4 dxe4 16. Nxe4 Nxe4 17. Bxe4 Rb8 18. Bb1 Bd7 19. Ne5 Bxe5 20. dxe5 Bb5 21.
Qxd8+ Rxd8 22. Rfe1 O-O 23. Rc7 Rd7 24. Rxd7 Bxd7 25. g4 Bc6 26. Be4 Bxe4 27.
Rxe4 Rd8 28. Re2 Rc8 29. Kf2 Kg7 30. b3 Rc5 31. h3 Kf8 32. Kf3 Ke8 33. Re3 Rc2
34. a3 Rc1 35. b4 b5 36. Rd3 Rc6 37. g3 Ke7 38. h4 a6 39. Ke3 f6 40. exf6+ Kxf6
41. Ke4 Rc4+ 42. Rd4 Rc3 43. Rd3 Rc2 44. Kd4 Rc4+ 45. Ke3 Rxg4 46. hxg5+ Kxg5
47. Kd2 h5 48. Kc3 e5 49. Re3 Kf5 50. Kd3 Rd4+ 51. Kc3 Rc4+ 52. Kd3 e4+ 53. Ke2
Rc2+ 54. Kd1 Ra2 55. Kc1 Rh2 56. Kd1 Rh3 57. Ke2 h4 58. gxh4 Rxh4 59. Rc3 Rh2+
60. Ke1 Ra2 61. Rh3 Kf4 62. Rb3 e3 63. Rd3 Kf3 64. Rd6 Rxa3 65. Rf6+ Ke4 66.
Re6+ Kd4 67. Rd6+ Kc4 68. Ke2 Kxb4 69. Re6 Rc3 70. Rxe3 Rxe3+ 71. Kxe3 Kc3 72.
Ke2 {White resigns} 0-1

[Event "Team 45 45 League T43"]
[Site "Internet Chess Club"]
[Date "2009.12.07"]
[Round "6"]
[White "WannaB"]
[Black "Graybeard"]
[Result "1/2-1/2"]
[WhiteElo "1026"]
[BlackElo "1149"]
[Opening "French: advance, Paulsen attack"]
[ECO "C02"]
[Time "10:30:47"]
[TimeControl "2700+45"]

1. e4 e6 2. d4 d5 3. e5 c5 4. c3 Nc6 5. Nf3 Qb6 6. Be2 cxd4 7. cxd4 Nh6 8. O-O
Nf5 9. a3 Nfxd4 10. Nbd2 Be7 11. b3 O-O 12. Bb2 Nxf3+ 13. Nxf3 Bc5 14. Qd3 Rd8
15. Ng5 g6 16. Qf3 f5 17. exf6 d4 18. f7+ Kg7 19. Qh3 h6 20. Nxe6+ Bxe6 21. Qxe6
Rf8 22. b4 Nd8 23. Qxb6 Bxb6 24. Bc4 Nxf7 25. Bxf7 Kxf7 26. Rfe1 Rae8 27. Red1
Rd8 28. Rd3 Rd5 29. Re1 Kg7 30. a4 a5 31. Ba3 Rf7 32. b5 Bc5 33. Bxc5 Rxc5 34.
Rxd4 b6 35. Rd6 Rfc7 36. g3 h5 37. Rxb6 Rc1 38. Rxc1 Rxc1+ 39. Kg2 Kh6 40. h4
Rc4 41. Ra6 Rxa4 42. b6 Ra3 43. b7 Rb3 44. Ra7 a4 45. Rxa4 Rxb7 46. Ra8 Kg7 47.
f3 Rf7 48. Ra4 Rf5 49. g4 hxg4 50. Rxg4 Kf6 51. Kg3 Kg7 52. Rg5 Kh6 53. Kg4 Rf6
54. f4 Kg7 55. f5 Rxf5 56. Rxf5 gxf5+ 57. Kxf5 Kh6 58. Kg4 Kg6 59. h5+ Kh6 60.
Kh4 Kh7 61. Kg5 Kg7 62. h6+ Kh7 63. Kh5 Kh8 64. Kg6 Kg8 65. h7+ Kh8 66. Kh6
{Black stalemated} 1/2-1/2

[Event "Team 45 45 League T43"]
[Site "Internet Chess Club"]
[Date "2009.12.05"]
[Round "6"]
[White "Salvatore"]
[Black "AVEMARIA"]
[Result "0-1"]
[WhiteElo "1670"]
[BlackElo "1751"]
[Opening "Queen's pawn: Chigorin variation"]
[ECO "D00"]
[Time "15:00:50"]
[TimeControl "2700+45"]

1. d4 d5 2. Nc3 e6 3. Nf3 Nc6 4. Bg5 Be7 5. Bxe7 Qxe7 6. e3 Nf6 7. Bb5 Bd7 8.
O-O O-O 9. a3 a6 10. Bd3 Rfe8 11. Re1 Qd6 12. e4 dxe4 13. Nxe4 Nxe4 14. Rxe4 Ne7
15. Ng5 Ng6 16. Qh5 h6 17. Nf3 Bc6 18. Rg4 Bxf3 19. gxf3 e5 20. Bxg6 fxg6 21.
Rxg6 Re6 22. Rxe6 Qxe6 23. Qxe5 Qg6+ 24. Kf1 Qxc2 25. d5 Qd3+ 26. Kg1 Qxf3 27.
Qe6+ Kh7 28. Re1 Rf8 29. Qe4+ Qxe4 30. Rxe4 Rd8 31. Rd4 Rd6 32. b4 c6 33. f4
Rxd5 34. Rxd5 cxd5 35. Kf2 Kg6 36. Ke3 Kf5 37. Kd4 Ke6 38. f5+ Kd6 39. h4 h5 40.
a4 b6 41. a5 b5 42. Ke3 Ke5 43. Kd3 d4 44. Ke2 Kxf5 45. Kd3 Ke5 46. Ke2 Ke4 47.
Kd2 d3 48. Ke1 Kd4 49. Kd1 Kc3 50. Kc1 d2+ 51. Kd1 Kxb4 52. Kxd2 Kb3 53. Kc1 Ka2
54. Kc2 b4 {White resigns} 0-1

[Event "Team 45 45 League T43"]
[Site "Internet Chess Club"]
[Date "2009.12.03"]
[Round "6"]
[White "musk6868"]
[Black "jmm843"]
[Result "1-0"]
[WhiteElo "1696"]
[BlackElo "1529"]
[Opening "Sicilian"]
[ECO "B54"]
[Time "19:22:14"]
[TimeControl "2700+45"]

1. e4 c5 2. Nf3 d6 3. d4 cxd4 4. Nxd4 Nc6 5. c4 e5 6. Nc2 Nf6 7. Nc3 Be7 8. Be2
Be6 9. Be3 O-O 10. O-O Qc8 11. f3 Rd8 12. Nd5 b6 13. Ncb4 Nxb4 14. Nxe7+ {Black
resigns} 1-0

[Event "Team 45 45 League T43"]
[Site "Internet Chess Club"]
[Date "2009.12.06"]
[Round "6"]
[White "dscvdchk"]
[Black "jericho121"]
[Result "0-1"]
[WhiteElo "1581"]
[BlackElo "1517"]
[Opening "King's Indian: orthodox, Aronin-Taimanov, bayonet attack"]
[ECO "E97"]
[Time "14:00:47"]
[TimeControl "2700+45"]

1. d4 Nf6 2. c4 g6 3. Nc3 Bg7 4. e4 d6 5. Nf3 O-O 6. Be2 e5 7. O-O Nc6 8. d5 Ne7
9. b4 Nd7 10. Ne1 f5 11. f3 f4 12. Nd3 g5 13. a4 Nf6 14. g4 fxg3 15. hxg3 g4 16.
Ra2 gxf3 17. Bxf3 Qe8 18. Qe2 a6 19. b5 a5 20. Kg2 b6 21. Rh1 Qg6 22. Rh4 Bd7
23. Nf2 Kh8 24. Be3 Rg8 25. Nh1 Bf8 26. Nd1 Ng4 27. Bc1 Bh6 28. Bxh6 Nxh6 29.
Qe3 Ng4 30. Bxg4 Bxg4 31. Ndf2 Bd7 32. Rh6 Qg7 33. Nh3 Raf8 34. Rf2 Ng6 35. Rxf8
Rxf8 36. Ng5 Nf4+ 37. gxf4 Qxh6 38. fxe5 Rg8 {White resigns} 0-1

[Event "Team 45 45 League T43"]
[Site "Internet Chess Club"]
[Date "2009.12.04"]
[Round "6"]
[White "AngryPirate"]
[Black "Berke"]
[Result "0-1"]
[WhiteElo "1489"]
[BlackElo "1682"]
[Opening "Ruy Lopez: exchange variation, 5.O-O"]
[ECO "C68"]
[Time "16:01:51"]
[TimeControl "2700+45"]

1. e4 e5 2. Nf3 Nc6 3. Bb5 a6 4. Bxc6 dxc6 5. O-O Bg4 6. Nc3 Bc5 7. a3 Ne7 8. d3
Ng6 9. h3 Be6 10. Ng5 O-O 11. Nxe6 fxe6 12. Be3 Bd6 13. Qg4 Qe7 14. Bg5 Qe8 15.
b3 Nf4 16. Bh6 Qf7 17. g3 Ng6 18. Be3 c5 19. h4 b5 20. h5 Nh8 21. h6 Ng6 22.
hxg7 Kxg7 23. Kg2 Rg8 24. Rh1 Kh8 25. Rxh7+ Qxh7 26. Rh1 Nh4+ 27. Qxh4 Qxh4 28.
Rxh4+ Kg7 29. Rh6 Kf7 30. Rh7+ Rg7 31. Rxg7+ Kxg7 32. b4 cxb4 33. axb4 Bxb4 34.
Na2 c5 35. Nxb4 cxb4 36. Bd2 a5 37. f4 exf4 38. gxf4 Rc8 {White resigns} 0-1

[Event "Team 45 45 League T43"]
[Site "Internet Chess Club"]
[Date "2009.12.06"]
[Round "6"]
[White "SugarIslander"]
[Black "zepled37"]
[Result "0-1"]
[WhiteElo "1640"]
[BlackElo "1734"]
[Opening "QGD: Tartakower (Makagonov-Bondarevsky) system"]
[ECO "D58"]
[Time "10:02:32"]
[TimeControl "2700+45"]

1. d4 d5 2. c4 e6 3. Nc3 Nf6 4. Bg5 Be7 5. Nf3 O-O 6. e3 h6 7. Bh4 b6 8. Qc2 Bb7
9. Rc1 c5 10. dxc5 bxc5 11. Be2 Nbd7 12. O-O Rc8 13. Nd2 d4 14. exd4 cxd4 15.
Nb5 Nc5 16. Bf3 a6 17. Bxb7 Nxb7 18. Na3 Bxa3 19. bxa3 Qd6 20. Bxf6 gxf6 21. Ne4
Qe7 22. Qb2 f5 23. Nf6+ Qxf6 24. Qxb7 e5 25. f3 Rb8 26. Qd5 Rfd8 27. Qa5 d3 28.
Rf2 Qb6 29. Qxe5 d2 30. Rd1 Re8 31. Qg3+ Kh7 32. Kh1 Re1+ 33. Rf1 Rxd1 34. Rxd1
Qb2 35. Qf2 Qxa2 36. c5 Qc2 37. Qf1 Re8 38. h3 Qxd1 39. Qxd1 Re1+ 40. Kh2 Rxd1
41. c6 Rc1 {White resigns} 0-1

[Event "Team 45 45 League T43"]
[Site "Internet Chess Club"]
[Date "2009.12.03"]
[Round "6"]
[White "bmw2002"]
[Black "oldsj"]
[Result "0-1"]
[WhiteElo "1587"]
[BlackElo "1591"]
[Opening "English, 1...Nf6 (Anglo-Indian defense)"]
[ECO "A15"]
[Time "10:05:15"]
[TimeControl "2700+45"]

1. c4 Nf6 2. g3 g6 3. Bg2 Bg7 4. Nc3 d6 5. d3 O-O 6. Rb1 e5 7. e4 Nc6 8. Nge2
Nh5 9. O-O f5 10. exf5 gxf5 11. f4 exf4 12. Nxf4 Nxf4 13. Bxf4 Nd4 14. Qd2 Ne6
15. Bh6 Bd4+ 16. Kh1 Rf7 17. Rbe1 c6 18. Ne2 Bg7 19. Be3 Qf6 20. b3 Bd7 21. Nf4
Re8 22. Nh5 Qg6 23. Nxg7 Nxg7 24. Bxa7 Rfe7 25. Rxe7 Rxe7 26. Be3 Qe8 27. Bh6
Re2 28. Qg5 Qg6 29. Qxg6 hxg6 30. Ra1 Ne6 31. Bf3 Rf2 32. Bd1 g5 33. Kg1 Rb2 34.
h4 c5 35. hxg5 Bc6 36. g6 Rg2+ 37. Kf1 Rxg3 38. Be3 Rxe3 39. Bc2 Nd4 40. Bd1 Rh3
41. Kf2 Rh1 42. Ke3 Bf3 43. Bxf3 Rxa1 44. Bxb7 Rxa2 45. Kf4 Kg7 46. Kg5 Rf2 47.
Bc8 f4 48. Bg4 f3 49. Kf4 Kxg6 50. Ke3 Re2+ 51. Kf4 Rf2 52. Ke3 Rg2 53. Bxf3
Nxf3 54. Kxf3 Rb2 55. Ke4 Rxb3 56. d4 Kf6 57. dxc5 dxc5 58. Kd5 Rc3 59. Kxc5 Ke5
60. Kb5 Kd4 {White resigns} 0-1

[Event "Team 45 45 League T43"]
[Site "Internet Chess Club"]
[Date "2009.12.08"]
[Round "6"]
[White "Just-Jim"]
[Black "BrerRabbit"]
[Result "1-0"]
[WhiteElo "1455"]
[BlackElo "1525"]
[Opening "Pirc: classical (two knights) system"]
[ECO "B08"]
[Time "19:03:40"]
[TimeControl "2700+45"]

1. e4 d6 2. d4 Nf6 3. Nc3 g6 4. Nf3 Bg7 5. Bc4 Nc6 6. h3 O-O 7. O-O Nxe4 8. Nxe4
d5 9. Bxd5 Qxd5 10. Nc3 Qd8 11. Ne2 Be6 12. c3 Bc4 13. b3 Ba6 14. Re1 e5 15. Be3
exd4 16. Nexd4 Nxd4 17. cxd4 Qd5 18. Qd2 Rfe8 19. Rac1 c6 20. Rc5 Qe4 21. Bf4
Qd3 22. Qxd3 Rxe1+ 23. Nxe1 Bxd3 24. Nxd3 Bxd4 25. Rc4 Rd8 26. Ne1 Bb6 27. Be3
Bxe3 28. fxe3 Re8 29. Kf2 Kf8 30. Rd4 Re7 31. Nc2 Ke8 32. e4 Re5 33. Kf3 b6 34.
Ne3 h5 35. Nc4 Rc5 36. Nd6+ Kd7 37. Nb7+ {Black resigns} 1-0